 Dungeon Crawl Stone Soup version 0.31.0-11-ge490571c62 (webtiles) character file.

Game seed: 15754846475838250343

1159 Rassilon the Trooper (level 8, -1/64 HPs)
             Began as a Demonspawn Monk on Jan 28, 2024.
             Was a Priest of Wu Jian.
             Killed by vampiric draining
             ... invoked by a vampire
              (3 damage)
             ... on level 6 of the Dungeon.
             The game lasted 00:18:45 (4412 turns).

Rassilon the Trooper (Demonspawn Monk)              Turns: 4412, Time: 00:18:46

Health: -1/64      AC: 10    Str: 11 (13) XL:     8   Next: 16%
Magic:  8/8        EV: 11    Int: 11 (12) God:    Wu Jian [***...]
Gold:   293        SH:  0    Dex: 21 (23) Spells: 7/7 levels left

rFire   . . .        b - +2 falchion (freeze)
rCold   . . .        d - orb {light}
rNeg    . . .        i - +3 scale mail {rPois}
rPois   +            (helmet restricted)
rElec   .            (no cloak)
rCorr   +            k - +0 pair of gloves
SInv    .            (no boots)
Will    .....        (no amulet) Stlth
                     w - +6 ring of dexterity
HPRegen 0.30/turn    t - ring of resist corrosion
MPRegen 0.11/turn

%: no passive effects
@: exhausted, glowing, invisible (but backlit and visible)
A: antennae 2, powered by death 1, big brain 1
a: Renounce Religion, Wall Jump, Serpent's Lash


You were on level 6 of the Dungeon.
You worshipped Wu Jian.
Wu Jian was most pleased with you.
You visited 1 branch of the dungeon, and saw 6 of its levels.

You collected 403 gold pieces.
You spent 110 gold pieces at shops.

Inventory:

Hand Weapons
 b - a +2 falchion of freezing (weapon)
Missiles
 h - 4 poisoned darts (quivered)
Armour
 d - an orb of light (worn)
 i - a +3 scale mail of poison resistance (worn)
 k - a +0 pair of gloves (worn)
Jewellery
 r - an amulet of regeneration
 t - a ring of resist corrosion (right hand)
 w - a +6 ring of dexterity (left hand)
Talismans
 j - a blade talisman
Wands
 n - a wand of roots (5)
 p - a wand of acid (11)
Scrolls
 f - 5 scrolls of identify
 m - a scroll of enchant armour
 q - a scroll of fear
 s - a scroll of poison
 x - 3 scrolls of teleportation
Potions
 g - a potion of brilliance
 l - a potion of curing


   Skills:
 + Level 5.7 Fighting
 + Level 5.2 Long Blades
 + Level 5.2 Dodging
 + Level 3.5 Shapeshifting


You had 7 spell levels left.
You didn't know any spells.
Your spell library contained the following spells:

 Spells                   Type           Power      Damage    Failure   Level
 Apportation              Tloc           0%         N/A       92%         1
 Necrotise                Necr           0%         1d4       92%         1
 Slow                     Hex            0%         N/A       92%         1
 Sting                    Conj/Alch      0%         1d3       92%         1
 Summon Small Mammal      Summ           0%         N/A       92%         1
 Confusing Touch          Hex            0%         N/A       100%        3
 Hailstorm                Conj/Ice       0%         3d5       100%        3
 Sigil of Binding         Hex            0%         N/A       100%        3
 Summon Ice Beast         Ice/Summ       0%         N/A       100%        3
 Vampiric Draining        Necr           0%         2d6       100%        3
 Volatile Blastmotes      Fire/Tloc      0%         2d10      100%        3
 Brom's Barrelling Bould  Conj/Erth      0%         2d3       100%        4
 Fulminant Prism          Conj/Alch      0%         3d5       100%        4
 Iskenderun's Mystic Bla  Conj/Tloc      0%         2d3       100%        4
 Fireball                 Conj/Fire      0%         3d3       100%        5
 Iskenderun's Battlesphe  Conj           0%         2d6       100%        5
 Conjure Ball Lightning   Conj/Air       0%         3x3d6     100%        6
 Sculpt Simulacrum        Ice/Alch       0%         N/A       100%        6
 Orb of Destruction       Conj           0%         9d5       100%        7


Dungeon Overview and Level Annotations

Branches:
Dungeon (6/15)
 Temple: D:4-7

Altars:
Hepliaklqana
Nemelex Xobeh
Okawaru
Wu Jian
Xom
Yredelemnul

Shops:
D:5 ?


Innate Abilities, Weirdness & Mutations

You have a pair of antennae on your head.
You regenerate a little health from kills.
You have an unusually large brain. (Int +2)


Message History

The gnoll barely misses you.
Aiming: Wall Jump
Press: ? - help, Dir - move target You feel better.
The vampire misses you. The vampire barely misses you.
You barely miss the vampire.
The vampire is moderately damaged.
The vampire hits you! The vampire bites you!
* * * LOW HITPOINT WARNING * * *
The vampire draws strength from your injuries!
Unknown command.
Your muscles tense, ready for explosive movement...
Your supernatural speed expires.
The vampire attacks as it pursues you!
The vampire hits you but does no damage.
The vampire bites you.
* * * LOW HITPOINT WARNING * * *
The vampire draws strength from your injuries!
You hit the vampire but do no damage.
The vampire is lightly damaged.
The vampire barely misses you. x2
Unknown command.
You spin to attack the vampire, but your attack speed is too slow for a blow to land.
The vampire misses you. The vampire completely misses you.
Aiming: Wall Jump
Press: ? - help, Dir - move target You repeatedly attack the vampire from above.
You hit the vampire. You freeze the vampire.
The vampire is moderately damaged.
You hit the vampire. You freeze the vampire.
The vampire is heavily damaged.
You repeatedly attack the gnoll from above.
You slash the gnoll! You freeze the gnoll.
The gnoll is almost dead.
You slash the gnoll! You freeze the gnoll.
You kill the gnoll!
The Council accepts your kill. The gnoll hits you but does no damage.
The vampire hits you!
* * * LOW HITPOINT WARNING * * *
The vampire completely misses you. The vampire draws life force from you.
You die...

###.######### #..........##
#.#.###.....# ############
#.#.........# #####...#......#
#.#.##......# #..............#
#.#.##.#.#.##
#.###..........###.#.##.#.#.#
#.#.........○○°..#.#....#.#.#
#.#.........○@○..#)######.#.#
#...........V°○...........#.##
######.....g..................
#..>.####..............##
###.###.....#############
#$#........... ...{..#
#.#.##......####### #...
#..)##......#.....# #...
###)##......#.....####...


You could see a vampire (invisible) and a gnoll.

Vanquished Creatures
  A steam dragon (D:6)
  Edmund (D:5)
  A sky beast (D:4)
  A black bear (D:6)
  A centaur (D:5)
  A gnoll sergeant (D:5)
  A bombardier beetle (D:4)
  A jelly (D:6)
  A hound (D:5)
  2 orc priests
  A sleepcap (D:5)
  3 orc wizards
  4 iguanas
  4 adders
  12 gnolls
  2 ufetubi (D:6)
  4 dart slugs
  3 ribbon worms (D:4)
  11 orcs
  11 ball pythons
  2 endoplasms
  A giant cockroach (D:4)
  4 goblins
  4 hobgoblins
  2 quokkas
  4 bats
  A frilled lizard (D:1)
  4 kobolds
  3 rats
91 creatures vanquished.

Notes
Turn   | Place    | Note
-------+----------+-------------------------------------------
     0 | D:1      | Rassilon the Demonspawn Monk began the quest for the Orb.
     0 | D:1      | Reached XP level 1. HP: 18/18 MP: 1/1
   164 | D:1      | Gained mutation: You have a pair of small antennae on your
                  | head. [demonic ancestry]
   164 | D:1      | Reached XP level 2. HP: 24/24 MP: 2/2
   764 | D:2      | Gained mutation: You have an unusually large brain. (Int
                  | +2) [demonic ancestry]
   764 | D:2      | Reached XP level 3. HP: 19/29 MP: 3/3
  1434 | D:3      | Found a basalt altar of Yredelemnul.
  1634 | D:3      | Found an ornate altar of the Wu Jian Council.
  1646 | D:3      | Became a worshipper of the Wu Jian Council
  1646 | D:3      | Reached * piety under Wu Jian
  1646 | D:3      | Reached ** piety under Wu Jian
  1701 | D:3      | Found an iron altar of Okawaru.
  1731 | D:3      | Reached XP level 4. HP: 36/36 MP: 4/4
  1816 | D:3      | Reached skill level 1 in Shapeshifting
  1826 | D:3      | Found a faded altar of an unknown god.
  2125 | D:4      | Found a shimmering altar of Xom.
  2187 | D:4      | Reached XP level 5. HP: 33/42 MP: 5/5
  2516 | D:4      | Noticed a sky beast
  2533 | D:4      | Killed a sky beast
  2534 | D:4      | Gained mutation: You regenerate a little health from kills.
                  | [demonic ancestry]
  2534 | D:4      | Reached XP level 6. HP: 45/48 MP: 6/6
  2934 | D:5      | Entered Level 5 of the Dungeon
  3158 | D:5      | Identified the +3 dagger of the Puffin {elec, Dex+2}
  3277 | D:5      | Found Voasmest's Magic Scroll Boutique.
  3316 | D:5      | Bought a scroll of amnesia for 44 gold pieces
  3316 | D:5      | Bought a scroll of poison for 44 gold pieces
  3316 | D:5      | Bought a scroll of identify for 22 gold pieces
  3328 | D:5      | Gained mutation: You have a pair of antennae on your head.
                  | [demonic ancestry]
  3328 | D:5      | Reached XP level 7. HP: 55/55 MP: 7/7
  3340 | D:5      | Noticed Edmund
  3352 | D:5      | Killed Edmund
  3353 | D:5      | Reached skill level 5 in Fighting
  3407 | D:5      | Reached *** piety under Wu Jian
  3719 | D:5      | Found a sparkling altar of Nemelex Xobeh.
  3721 | D:5      | Found a hazy altar of Hepliaklqana.
  4152 | D:6      | Noticed a steam dragon
  4176 | D:6      | Killed a steam dragon
  4177 | D:6      | Reached skill level 5 in Long Blades
  4177 | D:6      | Reached skill level 5 in Dodging
  4336 | D:6      | Reached XP level 8. HP: 63/63 MP: 8/8
  4412 | D:6      | HP: 2/64 [vampire (10)]
  4412 | D:6      | Killed from afar by a vampire

Illustrated notes

Levels and vault maps discovered:
D:1:      psy_arrival_statuary, layout_basic,
          hangedman_abyss_or_decor_lesser_grid, nicolae_houndstooth_variations
D:2:      layout_basic
D:3:      layout_basic, yredelemnul_altar_generic, lemuel_doored_altar,
          mainiacjoe_overflow_paths, chequers_ecumenical_altar_simple
D:4:      layout_gridville, old_standard_altar, grunt_ministairs_7
D:5:      layout_basic, chequers_temple_overflow_statue_of_worship,
          serial_shops, nicolae_shop_temple_entry_statues_fountains, uniq_edmund
D:6:      layout_basic, lemuel_coloured_pillars_altar, temple_statues,
          minivault_14, minmay_microvault

Skill      XL: |  1  2  3  4  5  6  7 |
---------------+----------------------+-----
Long Blades    | 3 4 5 |  5.2
Dodging        | 3 4 5 |  5.2
Shapeshifting  | 1 2 3 |  3.5
Fighting       | 4 5 |  5.7

Action                     |  1- 3 |  4- 6 |  7- 9 || total
---------------------------+-------+-------+-------++-------
  Melee: Falchion          |    66 |   125 |    99 ||   290
 Invoke: Serpent's Lash    |       |       |     2 ||     2
Ability: Wall Jump         |     2 |    15 |    13 ||    30
         Lunge             |       |     8 |     5 ||    13
         Whirlwind         |       |    10 |     4 ||    14
    Use: Scroll            |     4 |     2 |     1 ||     7
         Potion            |     1 |     1 |    10 ||    12
 Armour: Robe              |    14 |       |       ||    14
         Scale mail        |    20 |    90 |    85 ||   195
         Leather armour    |     3 |       |       ||     3
  Dodge: Dodged            |    42 |    47 |    58 ||   147
